 Dungeon Crawl Stone Soup version 0.25-a0-565-g8875c97ebb (webtiles) character file.

Game seed: 7212481248099951207, levelgen mode: classic

24 EnegeticOcto the Covered (level 2, 0/28 HPs)
             Began as a Deep Dwarf Fighter on Feb 26, 2020.
             Slain by a scorpion (4 damage)
             ... on level 4 of the Dungeon.
             The game lasted 00:00:15 (455 turns).

EnegeticOcto the Covered (Deep Dwarf Fighter)        Turns: 455, Time: 00:00:16

Health: 0/28       AC:  6    Str: 19    XL:     2   Next: 79%
Magic:  2/2        EV:  7    Int:  8    God:
Gold:   24         SH:  9    Dex: 12    Spells: 1/1 levels left

rFire    . . .     SeeInvis .   a - +0 war axe
rCold    . . .     Gourm    .   c - +0 kite shield
rNeg     . . .     Faith    .   b - +0 scale mail
rPois    .         Spirit   .   (no helmet)
rElec    .         Reflect  .   (no cloak)
rCorr    .         Harm     .   (no gloves)
MR       .....                  (no boots)
Stlth    ..........             (no amulet)
HPRegen  0.00/turn              (no ring)
MPRegen  0.08/turn              (no ring)

@: lethally poisoned (0 -> 0), non-regenerating
A: damage resistance, heal wounds, sense surroundings 1, no regeneration
a: Heal Wounds


You were on level 4 of the Dungeon.
You were not hungry.

You visited 1 branch of the dungeon, and saw 4 of its levels.

You collected 24 gold pieces.

Inventory:

Hand Weapons
 a - a +0 war axe (weapon)
Armour
 b - a +0 scale mail (worn)
 c - a +0 kite shield (worn)
Scrolls
 f - a scroll of enchant armour {unknown}
 g - a scroll of remove curse {unknown}
 i - 2 scrolls of teleportation {unknown}
Potions
 d - a potion of curing {unknown}
 h - a potion of haste {unknown}
 j - a potion of invisibility {unknown}
 k - a potion of might {@q3}
Comestibles
 e - 4 rations
 l - a chunk of flesh


   Skills:
 * Level 3.0 Fighting
 * Level 2.7 Axes
 + Level 3.5 Armour
 + Level 0.7 Dodging
 + Level 3.4 Shields


You had one spell level left.
You didn't know any spells.
Your spell library was empty.

Dungeon Overview and Level Annotations

Branches:
Dungeon (4/15)
 Temple: D:4-7

Altars:


Innate Abilities, Weirdness & Mutations

You are resistant to damage.
You can heal yourself by infusing magical energy.
You passively map a small area around you.
You do not regenerate.


Message History

You closely miss the adder.
The adder is lightly wounded.
The adder bites you.
You are more poisoned.
The adder poisons you! You block the adder's attack.
You hit the adder.
The adder is lightly wounded.
You block the adder's attack. x2
You miss the adder.
The adder is lightly wounded.
The adder closely misses you. You block the adder's attack.
You slash the adder!
The adder is almost dead.
The adder bites you.
You are more poisoned.
The adder poisons you! You block the adder's attack.
You miss the adder.
The adder is almost dead.
You block the adder's attack.
You slash the adder!
You kill the adder!
Your Fighting skill increases to level 3!
No target in view!
No target in view!
No target in view!
No target in view!
No target in view!
No target in view!
No target in view!
No target in view!
No target in view!
(D) Dungeon
Where to? (Enter - D:3, ? - help)
A rat comes into view.
Found a hand axe.
A rat is nearby!
The rat bites you but does no damage.
You closely miss the rat. The rat bites you but does no damage.
You block the rat's attack.
You hit the rat.
You kill the rat!
No target in view!
No target in view!
No target in view!
No target in view!
No target in view!
No target in view!
No target in view!
(D) Dungeon
Where to? (Enter - D:4, ? - help)
There is a stone staircase leading down here.
You climb downwards.
Found a scroll labeled ZAGEDAU LULEGO.
There is a stone staircase leading up here.
No target in view!
Found a stone staircase leading up.
i - 2 scrolls labeled ZAGEDAU LULEGO (gained 1)
An ogre comes into view. It is wielding a +0 giant club.
The ogre shouts!
A scorpion comes into view.
You hit the ogre.
The ogre is lightly wounded.
You closely miss the scorpion.
The ogre hits you with a +0 giant club!!
Ouch! That really hurt!
* * * LOW HITPOINT WARNING * * *
You block the scorpion's attack. The ogre closely misses you.
You are too injured to fight recklessly!
You are too injured to fight recklessly!
You are too injured to fight recklessly!
You are too injured to fight recklessly!
You are too injured to fight recklessly!
You are too injured to fight recklessly!
You are too injured to fight recklessly!
You are too injured to fight recklessly!
You are too injured to fight recklessly!
There are monsters nearby!
There are monsters nearby!
There are monsters nearby!
There are monsters nearby!
You are too injured to fight recklessly!
You fail to use your ability.
You block the scorpion's attack.
You feel much better.
You are no longer poisoned.
The ogre hits you with a +0 giant club!
Ouch! That really hurt!
You block the scorpion's attack.
You slash the ogre!
The ogre is heavily wounded.
You closely miss the scorpion.
The scorpion stings you but does no damage.
You block the ogre's attack. The scorpion stings you.
You are poisoned.
The scorpion poisons you!
You barely miss the ogre.
The ogre is heavily wounded.
You hit the scorpion. The ogre hits you with a +0 giant club!
* * * LOW HITPOINT WARNING * * *
The scorpion stings you.
You die...

* #. .....,
#.##...#######...., ,,
, .##............#...
, ,
................#.# *
* #................# ,
#..............<#* *
*#...............# ,
#.....<.........####*
,
#....O@.............#*
,
##...s.........####.#
#.......#.......... ,
...####.############,
, ## ,.... , * ..... *
......, ....... ,, ,,


You could see an ogre and a scorpion.

Vanquished Creatures
  An adder (D:3)
  An orc (D:3)
  A hobgoblin (D:1)
  6 jackals
  A kobold (D:2)
  A bat (D:3)
  2 rats (D:3)
13 creatures vanquished.

Notes
Turn   | Place    | Note
-------+----------+-------------------------------------------
     0 | D:1      | EnegeticOcto the Deep Dwarf Fighter began the quest for the
                  | Orb.
     0 | D:1      | Reached XP level 1. HP: 20/20 MP: 1/1
   241 | D:2      | Reached XP level 2. HP: 14/27 MP: 2/2
   447 | D:4      | Noticed an ogre
   447 | D:4      | Noticed a scorpion
   455 | D:4      | Slain by a scorpion

Levels and vault maps discovered:
D:1:      lightli_molten_gateway, layout_basic, chequers_serial_rivers_micro_c
D:2:      layout_loops_corners
D:3:      layout_rooms, chequers_temple_overflow_statue_of_worship, first_ration
D:4:      layout_rooms

Skill      XL: |  1  2 |
---------------+-------+-----
Fighting       | 3 |  3.0
Axes           | |  2.7
Armour         | |  3.5
Dodging        | |  0.7
Shields        | |  3.4

Action                   || total
-------------------------++-------
Melee: War axe           ||    47
 Abil: Heal Wounds       ||     2
Armor: Scale mail        ||    27
Dodge: Dodged            ||    17
Block: Kite shield       ||    35

Table legend:
 A = Non-vault XP
 B = Vault XP
 C = Vault XP percentage of total XP
 D = Non-vault monster count
 E = Vault monster count
 F = Vault count percentage of total count
                 A         B        C        D         E       F
            +---------+---------+-------+---------+---------+-------
      Total |      35 |       0 |   0.0 |      13 |       0 |   0.0
            +---------+---------+-------+---------+---------+-------
        D:1 |      10 |       0 |   0.0 |       5 |       0 |   0.0
        D:2 |       6 |       0 |   0.0 |       3 |       0 |   0.0
        D:3 |      19 |       0 |   0.0 |       5 |       0 |   0.0
            +---------+---------+-------+---------+---------+-------
